[Event "Early-Titled-Tuesday-Blitz-February-06-2024"]
[Site "Chess.com"]
[Date "2024.02.06"]
[Round "6"]
[White "GMBenjaminBok"]
[Black "nihalsarin"]
[Result "1/2-1/2"]
[WhiteElo "2973"]
[BlackElo "3125"]
[TimeControl "180+1"]
[EndTime "9:09:52 PST"]
[Termination "Game drawn by repetition"]

1. d4 a6 2. Nf3 Nf6 3. c4 b5 4. e3 bxc4 5. Bxc4 e6 6. O-O Be7 7. Nc3 d5 8. Bd3 Bb7 9. Qe2 Nbd7 10. e4 dxe4 11. Nxe4 O-O 12. Bg5 Nd5 13. Bxe7 Qxe7 14. Rac1 Nf4 15. Qe3 Nxd3 16. Qxd3 Rfc8 17. Nc5 Bd5 18.
Nxd7 Qxd7 19. b3 a5 20. Ne5 Qe7 21. Rc3 a4 22. Rfc1 h6 23. Qe3 Ra6 24. h3 axb3 25.
axb3 Rb6 26. Qg3 Rb7 27. Kh2 Qd6 28. Nc4 Qxg3+ 29. Kxg3 Rcb8 30. Ne3 Rxb3 31. Rxc7 Rd3 32. Rc8+ Rxc8 33. Rxc8+ Kh7 34. Rc7 Kg6 35. Rd7 Rxd4 36.
Nxd5 exd5 37. Kf3 Kf6 38. Ke3 Re4+ 39. Kd3 Ke6 40. Ra7 Rc4 41. Ra6+ Kd7 42. Ra7+ Rc7 43. Ra5 Kd6 44. Kd4 Rc4+ 45. Kd3 h5 46. Ra6+ Rc6 47.
Ra7 Ke6 48. h4 f6 49. Rxg7 Kf5 50. g3 Ra6 51. f3 Ra3+ 52. Ke2 Ra2+ 53. Ke3 Ra3+ 54. Kf2 d4 55. Rh7 Ra2+ 56. Ke1 Kg6 57. Rd7 Ra3 58. Kf2 Ra4 59. Rd5 Rb4 60. g4 hxg4 61.
fxg4 Rb2+ 62. Kf3 Rb3+ 63. Kf4 d3 64. h5+ Kh6 65. Rd6 Kg7 66. Rd7+ Kh6 67. Kf5 d2 68. Rxd2 Rf3+ 69. Ke6 Rf4 70. Rg2 Kg7 71. Rg1 Ra4 72. Kf5 Ra5+ 73. Kf4 Ra4+ 74. Kg3 Ra3+ 75. Kh4 Ra4 76. Rf1 Rb4 77. Rf5 Ra4 78. Kg3 Ra3+ 79.
Rf3 Ra5 80. Re3 Kh6 81. Kf4 Kg7 82. Re7+ Kf8 83. Rd7 Kg8 84. Re7 Kf8 85. Rd7 Kg8 86. Rc7 Rb5 87. Ke4 Rg5 88. Kf4 Ra5 89. Rd7 Rb5 90. Rc7 Ra5 91. Rb7 Rc5 92. Rb8+ Kg7 93. Rb7+ Kg8 94. Rd7 Ra5 1/2-1/2

[Event "Early-Titled-Tuesday-Blitz-February-06-2024"]
[Site "Chess.com"]
[Date "2024.02.06"]
[Round "6"]
[White "Zohid6"]
[Black "manitodeplomo"]
[Result "1/2-1/2"]
[WhiteElo "2871"]
[BlackElo "2604"]
[TimeControl "180+1"]
[EndTime "9:10:14 PST"]
[Termination "Game drawn by stalemate"]

1. e4 c5 2. Nf3 e6 3. c3 d5 4. e5 Nc6 5. d4 Bd7 6. Bd3 Rc8 7. a3 cxd4 8. cxd4 Qb6 9. O-O Nxd4 10. Nbd2 Nxf3+ 11. Nxf3 Bb5 12. Be3 Qa6 13. Rc1 Rxc1 14. Qxc1 Ne7 15. Bxb5+ Qxb5 16. Qc7 Qd7 17. Qb8+ Qc8 18.
Qxa7 Nc6 19. Qa4 Be7 20. b4 O-O 21. b5 d4 22. Bc1 Nb8 23. Qxd4 Rd8 24. Qe4 Rd5 25.
a4 Nd7 26. h4 Qc3 27. Be3 Nc5 28. Qg4 Qb3 29. Bxc5 Bxc5 30. h5 h6 31. g3 Rd1 32.
Qf4 Rxf1+ 33. Kxf1 Qc2 34. Ne1 Qd1 35. Qf3 Qd4 36. Nd3 Bb6 37. Ke2 Qxa4 38. Qxb7 Qxb5 39. Qc8+ Kh7 40. Qc2 Kg8 41. Qc8+ Kh7 42. Qc3 Kg8 43.
f3 Kh7 44. Kf1 Qb1+ 45. Ne1 Qb5+ 46. Qd3+ Qxd3+ 47. Nxd3 g6 48. g4 gxh5 49. gxh5 Kg7 50. Kg2 f6 51. f4 fxe5 52. fxe5 Bd4 53. Kf3 Bc3 54. Ke4 Kf7 55. Nc5 Bd2 56. Nb7 Bg5 57.
Nd6+ Ke7 58. Nb5 Kd7 59. Nd4 Ke7 60. Nf3 Bc1 61. Kd3 Kf7 62. Kc4 Ke7 63. Kc5 Kd7 64.
Nh2 Bf4 65. Ng4 Kc7 66. Kd4 Kc6 67. Ke4 Bg5 68. Kd4 Kb5 69. Nf6 Kc6 70. Ne4 Bf4 71.
Nd6 Bg5 72. Nf7 Bc1 73. Nd6 Bb2+ 74. Ke4 Bc1 75. Ne8 Kd7 76. Nf6+ Ke7 77. Ng4 Kf7 78. Kd4 Ke7 79. Kc5 Kd7 80. Kb6 Bg5 81. Kb7 Bf4 82.
Nf6+ Ke7 83. Ng4 Bg5 84. Kc7 Bf4 85. Kc6 Bxe5 86. Nxe5 Kf6 87. Nf3 Kf5 88. Kd6 Kg4 89.
Kxe6 Kxh5 90. Kf5 1/2-1/2

[Event "Early-Titled-Tuesday-Blitz-February-06-2024"]
[Site "Chess.com"]
[Date "2024.02.06"]
[Round "7"]
[White "HanSchut"]
[Black "UK_23"]
[Result "1-0"]
[WhiteElo "2268"]
[BlackElo "2390"]
[TimeControl "180+1"]
[EndTime "9:12:29 PST"]
[Termination "HanSchut won by resignation"]

1. e4 c5 2. Nf3 Nc6 3. d4 cxd4 4. Nxd4 Nf6 5. Nc3 e5 6. Ndb5 d6 7. Nd5 Nxd5 8. exd5 Ne7 9. c3 a6 10. Qa4 axb5 11. Bxb5+ 1-0

[Event "Early-Titled-Tuesday-Blitz-February-06-2024"]
[Site "Chess.com"]
[Date "2024.02.06"]
[Round "7"]
[White "Eloist"]
[Black "kai_nov"]
[Result "1-0"]
[WhiteElo "2429"]
[BlackElo "2294"]
[TimeControl "180+1"]
[EndTime "9:12:35 PST"]
[Termination "Eloist won by checkmate"]

1. e4 c5 2. Nf3 Nc6 3. Bb5 a6 4. Bxc6 dxc6 5. O-O Bg4 6. h3 Bxf3 7. Qxf3 e5 8. d3 Be7 9. Qg3 Bf6 10. Be3 Qe7 11. Nd2 Qd6 12. Nc4 Qe7 13. f4 exf4 14.
Bxf4 O-O-O 15. Nb6# 1-0

[Event "Early-Titled-Tuesday-Blitz-February-06-2024"]
[Site "Chess.com"]
[Date "2024.02.06"]
[Round "7"]
[White "LeoWin2012"]
[Black "kibromNNN"]
[Result "0-1"]
[WhiteElo "2143"]
[BlackElo "1789"]
[TimeControl "180+1"]
[EndTime "9:12:40 PST"]
[Termination "kibromNNN won by resignation"]

1. e4 e5 2. Nf3 Nc6 3. d4 exd4 4. Nxd4 Nf6 5. Nc3 d6 6. Be3 Be7 7. f3 a6 8. Qd2 Bd7 9. h4 b5 10. g4 Ne5 11. h5 c5 12. Nf5 Nxf3+ 13. Kd1 Nxd2 14.
Nxg7+ Kf8 15. Bh6 Kg8 16. Ke2 Nxg4 0-1

[Event "Early-Titled-Tuesday-Blitz-February-06-2024"]
[Site "Chess.com"]
[Date "2024.02.06"]
[Round "7"]
[White "kleopl"]
[Black "ClaudiaSof"]
[Result "1-0"]
[WhiteElo "2530"]
[BlackElo "2277"]
[TimeControl "180+1"]
[EndTime "9:13:22 PST"]
[Termination "kleopl won by resignation"]

1. e4 c5 2. Nc3 Nc6 3. Bb5 Nd4 4. Bc4 e6 5. Nge2 Nf6 6. O-O d5 7. exd5 exd5 8. Nxd5 Nxd5 9. Nxd4 cxd4 10. Qh5 Be6 11. Re1 Be7 12. Rxe6 Nf6 13. Rxf6 1-0

[Event "Early-Titled-Tuesday-Blitz-February-06-2024"]
[Site "Chess.com"]
[Date "2024.02.06"]
[Round "7"]
[White "jcreyes69"]
[Black "lynette2015"]
[Result "1-0"]
[WhiteElo "2391"]
[BlackElo "2189"]
[TimeControl "180+1"]
[EndTime "9:13:43 PST"]
[Termination "jcreyes69 won by resignation"]

1. e4 e6 2. d4 d5 3. Nc3 dxe4 4. Nxe4 Nd7 5. Bd3 Ngf6 6. Qe2 Nxe4 7. Bxe4 Nf6 8. Bxb7 Bxb7 9. Qb5+ Qd7 10. Qxb7 Rd8 11. Nf3 a5 12. O-O Bd6 13. Ne5 Bxe5 14. dxe5 Nd5 15. Bg5 f6 16. exf6 gxf6 17. c4 fxg5 18.
cxd5 O-O 19. dxe6 Qxe6 20. Qxc7 Rd2 21. Qxa5 Rxb2 22. Qxg5+ Kh8 23. Qc5 Rc8 24. Qd4+ 1-0

[Event "Early-Titled-Tuesday-Blitz-February-06-2024"]
[Site "Chess.com"]
[Date "2024.02.06"]
[Round "7"]
[White "alekroth65"]
[Black "JaackCamel"]
[Result "1-0"]
[WhiteElo "2377"]
[BlackElo "2164"]
[TimeControl "180+1"]
[EndTime "9:13:44 PST"]
[Termination "alekroth65 won by resignation"]

1. d4 d5 2. c4 e6 3. Nf3 c6 4. e3 Nf6 5. Nc3 Nbd7 6. Qc2 dxc4 7. Bxc4 b5 8. Bd3 a6 9. e4 c5 10. e5 Nd5 11. Nxd5 exd5 12. Bxh7 Nb6 13. Bf5 c4 14. O-O Be7 15. Bf4 Nd7 16. e6 fxe6 17. Bxe6 Nf6 18. Qg6+ 1-0

[Event "Early-Titled-Tuesday-Blitz-February-06-2024"]
[Site "Chess.com"]
[Date "2024.02.06"]
[Round "7"]
[White "viniciusrego"]
[Black "Kostya0705"]
[Result "1-0"]
[WhiteElo "2459"]
[BlackElo "2599"]
[TimeControl "180+1"]
[EndTime "9:14:01 PST"]
[Termination "viniciusrego won by resignation"]

1. e4 c5 2. Nf3 e6 3. d4 cxd4 4. Nxd4 Nc6 5. Nc3 Qc7 6. Be3 Nf6 7.
Be2 a6 8. O-O Be7 9. f4 d6 10.
a4 O-O 11. Kh1 Nxd4 12. Bxd4 b6 13. Bd3 Bb7 14. f5 e5 15. Be3 d5 16. Bg5 dxe4 17. Bxf6 Bxf6 18. Bxe4 Rad8 19. Qe2 Rd4 20. Rae1 Bh4 21.
Rd1 Rfd8 22. Bxb7 Qxb7 23. Qxe5 Bf6 24. Rxd4 Rc8 25. Qd5 Qc7 26. Rd3 h6 27. Qf3 b5 28.
Nd5 1-0

[Event "Early-Titled-Tuesday-Blitz-February-06-2024"]
[Site "Chess.com"]
[Date "2024.02.06"]
[Round "7"]
[White "WiktoriaPOL"]
[Black "ChampStan"]
[Result "1-0"]
[WhiteElo "2265"]
[BlackElo "2107"]
[TimeControl "180+1"]
[EndTime "9:14:06 PST"]
[Termination "WiktoriaPOL won by resignation"]

1. c4 e5 2. Nc3 Nf6 3. Nf3 Nc6 4.
e4 Bc5 5. Nxe5 Nxe5 6. d4 Bxd4 7. Qxd4 Nc6 8. Qd2 O-O 9. b3 d6 10. Bb2 Re8 11. f3 Bd7 12. Be2 Qe7 13. O-O Qe5 14. Nd5 Nxe4 15. fxe4 Qxe4 16. Qg5 Qg6 17. Qxg6 hxg6 18. Bf3 Rac8 19. Rae1 Be6 20. Kf2 Ne7 21. Nxe7+ Rxe7 22. Bxb7 Rb8 23. Bc6 1-0

[Event "Early-Titled-Tuesday-Blitz-February-06-2024"]
[Site "Chess.com"]
[Date "2024.02.06"]
[Round "7"]
[White "FMStan15"]
[Black "CSB7"]
[Result "0-1"]
[WhiteElo "2048"]
[BlackElo "2725"]
[TimeControl "180+1"]
[EndTime "9:14:12 PST"]
[Termination "CSB7 won by resignation"]

1. e4 e5 2. Nf3 Nf6 3. d4 Nxe4 4. Bd3 Nc6 5. Bxe4 d5 6. Bxd5 Qxd5 7. Nxe5 Nxe5 8. dxe5 Qxg2 9. Rf1 Bg4 10. f3 Bh3 11.
Rf2 Qg1+ 12. Ke2 Qg6 13. Bf4 Rd8 14. Nd2 Bc5 15. Be3 Bxe3 16. Kxe3 Qb6+ 17. Ke2 Qxb2 18.
f4 Bg4+ 0-1

[Event "Early-Titled-Tuesday-Blitz-February-06-2024"]
[Site "Chess.com"]
[Date "2024.02.06"]
[Round "7"]
[White "Canal_Showdrez"]
[Black "SabinaFoisor"]
[Result "0-1"]
[WhiteElo "2044"]
[BlackElo "2342"]
[TimeControl "180+1"]
[EndTime "9:14:12 PST"]
[Termination "SabinaFoisor won by resignation"]

1. d4 d5 2. Nf3 Nf6 3. e3 c6 4.
Bd3 e6 5. Nbd2 Be7 6. Ne5 O-O 7. f4 c5 8. c3 b6 9. O-O Ba6 10. Ndf3 Bxd3 11. Nxd3 Nc6 12. Nfe5 Rc8 13. Qf3 Ne4 14. g4 f6 15. Nxc6 Rxc6 16. Nf2 f5 17. gxf5 exf5 18. Nd3 Rg6+ 19. Kh1 Bd6 20. Ne5 Bxe5 21. dxe5 Qh4 22. b4 Ng3+ 23. Kg2 Nxf1+ 24. Kxf1 Qxh2 25. Qf2 Qh1+ 26. Ke2 Rg2 0-1

[Event "Early-Titled-Tuesday-Blitz-February-06-2024"]
[Site "Chess.com"]
[Date "2024.02.06"]
[Round "7"]
[White "yaguigor"]
[Black "Der_Balak_3Halak"]
[Result "1-0"]
[WhiteElo "2748"]
[BlackElo "2504"]
[TimeControl "180+1"]
[EndTime "9:14:15 PST"]
[Termination "yaguigor won by resignation"]

1. Nf3 Nf6 2. c4 c6 3. d4 d5 4. Nc3 e6 5. Bg5 Be7 6. e3 O-O 7. Rc1 h6 8. Bh4 Nbd7 9. Bd3 dxc4 10. Bxc4 b5 11. Bd3 Bb7 12. O-O a6 13. e4 c5 14. e5 Nd5 15. Bxe7 Qxe7 16. Nxd5 Bxd5 17. dxc5 Nxc5 18. Bb1 Rfd8 19. Qc2 Ne4 20. Nd2 Rac8 21. Qd3 Bc6 22. Rxc6 Rxd3 23. Rxc8+ Kh7 24. Bxd3 1-0

[Event "Early-Titled-Tuesday-Blitz-February-06-2024"]
[Site "Chess.com"]
[Date "2024.02.06"]
[Round "7"]
[White "OparinGrigoriy"]
[Black "Som2310"]
[Result "0-1"]
[WhiteElo "2977"]
[BlackElo "2806"]
[TimeControl "180+1"]
[EndTime "9:14:16 PST"]
[Termination "Som2310 won by resignation"]

1. a3 e5 2. c4 Nf6 3. Nc3 Be7 4. Nf3 Nc6 5. e3 O-O 6. b4 d6 7. Bb2 Bf5 8. Be2 h6 9. d3 Qd7 10. O-O a6 11. Qb3 Bh7 12. Rad1 Rae8 13. Rfe1 Nd8 14. d4 e4 15. Nd2 Ne6 16. d5 Ng5 17. c5 Bf5 18.
Nf1 Bh3 19. Ng3 Bxg2 20. Kxg2 Qh3+ 21. Kh1 Nf3 22. Nf1 Nh4 0-1

[Event "Early-Titled-Tuesday-Blitz-February-06-2024"]
[Site "Chess.com"]
[Date "2024.02.06"]
[Round "7"]
[White "shimastream"]
[Black "Drags95"]
[Result "1-0"]
[WhiteElo "3019"]
[BlackElo "2840"]
[TimeControl "180+1"]
[EndTime "9:14:18 PST"]
[Termination "shimastream won by resignation"]

1. e4 e5 2. d4 exd4 3. Qxd4 Nc6 4. Qa4 Nf6 5. Nf3 d5 6. exd5 Nxd5 7. Bb5 Qe7+ 8. Kf1 Bd7 9. Bd2 a6 10. Be2 O-O-O 11.
Nc3 Ndb4 12. a3 b5 13. Nxb5 Nd4 14. Nfxd4 1-0

[Event "Early-Titled-Tuesday-Blitz-February-06-2024"]
[Site "Chess.com"]
[Date "2024.02.06"]
[Round "7"]
[White "FrenchMonster2002"]
[Black "Squirlolz"]
[Result "1-0"]
[WhiteElo "2434"]
[BlackElo "2553"]
[TimeControl "180+1"]
[EndTime "9:14:19 PST"]
[Termination "FrenchMonster2002 won by resignation"]

1. e4 d6 2. d4 Nf6 3. Nc3 c6 4. f4 Qa5 5. Bd3 e5 6. Nf3 Bg4 7. Be3 Nbd7 8. O-O Be7 9. h3 Bxf3 10. Qxf3 exd4 11. Bxd4 Nc5 12. e5 Ne6 13. exf6 Nxd4 14.
Qe3 Ne6 15. fxe7 d5 16. Qe5 Qb6+ 17. Kh1 Kxe7 18. f5 Qd4 19. Qe2 1-0

[Event "Early-Titled-Tuesday-Blitz-February-06-2024"]
[Site "Chess.com"]
[Date "2024.02.06"]
[Round "7"]
[White "jefferyx"]
[Black "Szparu"]
[Result "1/2-1/2"]
[WhiteElo "2999"]
[BlackElo "2830"]
[TimeControl "180+1"]
[EndTime "9:14:34 PST"]
[Termination "Game drawn by agreement"]

1. Nf3 d5 2. g3 c6 3. Bg2 Bg4 4. O-O Nd7 5. h3 Bh5 6. d3 e6 7.
e4 Bd6 8. exd5 cxd5 9. c4 Ne7 10. Nc3 O-O 11. cxd5 exd5 12. g4 Bg6 13. Nh4 Nb6 14.
Bg5 f6 15. Nxg6 hxg6 16. Be3 Kh7 17. Qb3 Bc7 18. Bxb6 Bxb6 19. Nxd5 Nxd5 20. Bxd5 Qd6 21. Kg2 Rad8 22. Bxb7 Qxd3 23. Rad1 Qxb3 24. axb3 Rxd1 25. Rxd1 Rd8 26. Rxd8 Bxd8 27. Be4 Be7 28. h4 Kh6 29.
f4 g5 30. fxg5+ fxg5 31. h5 Bf6 32. Bg6 Bxb2 33. Kf3 Bd4 34. Ke4 Bb6 35. Kd5 Bg1 36.
Kc6 Bf2 37. Kb7 Bg1 38. Ka6 Bf2 1/2-1/2

[Event "Early-Titled-Tuesday-Blitz-February-06-2024"]
[Site "Chess.com"]
[Date "2024.02.06"]
[Round "7"]
[White "TV27"]
[Black "winniethepooh04"]
[Result "1/2-1/2"]
[WhiteElo "2177"]
[BlackElo "2509"]
[TimeControl "180+1"]
[EndTime "9:14:35 PST"]
[Termination "Game drawn by repetition"]

1. d4 e6 2. g3 d5 3. Bg2 Nf6 4. c3 Be7 5. h4 b6 6. h5 h6 7.
Nh3 Bb7 8. Nd2 Nxh5 9. e4 Nf6 10.
e5 Nfd7 11. Qg4 g6 12. Nf4 h5 13. Nxe6 fxe6 14. Qxg6+ Kf8 15. Rxh5 Rxh5 16. Qxh5 Qe8 17. Qh8+ Kf7 18. Qh7+ Kf8 19. Qh8+ Kf7 20. Qh7+ Kf8 21. Qh8+ 1/2-1/2

[Event "Early-Titled-Tuesday-Blitz-February-06-2024"]
[Site "Chess.com"]
[Date "2024.02.06"]
[Round "7"]
[White "GlavkonVVS"]
[Black "LikeWater"]
[Result "0-1"]
[WhiteElo "2622"]
[BlackElo "2828"]
[TimeControl "180+1"]
[EndTime "9:14:38 PST"]
[Termination "LikeWater won by checkmate"]

1. c4 d6 2. Nc3 e5 3. g3 f5 4.
Bg2 Nf6 5. d3 Be7 6. Nf3 O-O 7.
Rb1 c6 8. b4 Qe8 9. O-O Qh5 10.
b5 f4 11. bxc6 bxc6 12. Ba3 Bh3 13. Rb7 Nbd7 14. Ne4 c5 15. Nxf6+ Rxf6 16. Bxh3 Qxh3 17. Ng5 Qf5 18. Ne4 Rh6 19. f3 Qh3 20. g4 Qxh2# 0-1

[Event "Early-Titled-Tuesday-Blitz-February-06-2024"]
[Site "Chess.com"]
[Date "2024.02.06"]
[Round "7"]
[White "miraitrunks"]
[Black "Cheer_Down"]
[Result "0-1"]
[WhiteElo "2160"]
[BlackElo "2514"]
[TimeControl "180+1"]
[EndTime "9:15:08 PST"]
[Termination "Cheer_Down won by resignation"]

1. e4 c5 2. c3 Nf6 3. e5 Nd5 4. d4 cxd4 5. Nf3 Nc6 6. Bc4 Nb6 7. Bb3 d5 8. exd6 Qxd6 9. cxd4 Be6 10. Bxe6 Qxe6+ 11. Be3 Qd7 12. O-O e6 13. Re1 Be7 14. Nc3 O-O 15.
Ne5 Nxe5 16. dxe5 Qxd1 17. Raxd1 Rfd8 18. Bxb6 axb6 19. Rxd8+ Rxd8 20. Rd1 Rxd1+ 21. Nxd1 Bc5 22. Kf1 Bd4 23. f4 g5 24. g3 gxf4 25. gxf4 Kg7 26. Ke2 Kg6 27. Kd3 Bg1 28. Ke4 Bxh2 29. Ne3 Bg1 30. Nc4 h5 31. Nd6 h4 32. Kf3 Bd4 33. Nxf7 Kxf7 0-1

[Event "Early-Titled-Tuesday-Blitz-February-06-2024"]
[Site "Chess.com"]
[Date "2024.02.06"]
[Round "7"]
[White "AlexandraSamaganova"]
[Black "chezzgirl04"]
[Result "1-0"]
[WhiteElo "2356"]
[BlackElo "2152"]
[TimeControl "180+1"]
[EndTime "9:15:10 PST"]
[Termination "AlexandraSamaganova won by resignation"]

1. c4 e5 2. Nc3 c6 3. Nf3 Bd6 4. e3 Bc7 5. d4 exd4 6. Nxd4 Ne7 7. Bd3 O-O 8. O-O d5 9. Qe2 Qd6 10. g3 a6 11. Rd1 Nd7 12. e4 c5 13. Nb3 d4 14.
Bf4 Qc6 15. Nd5 Bxf4 16. Nxe7+ 1-0

[Event "Early-Titled-Tuesday-Blitz-February-06-2024"]
[Site "Chess.com"]
[Date "2024.02.06"]
[Round "7"]
[White "TrompeterImEther"]
[Black "Adar_07"]
[Result "0-1"]
[WhiteElo "2540"]
[BlackElo "2720"]
[TimeControl "180+1"]
[EndTime "9:15:15 PST"]
[Termination "Adar_07 won by resignation"]

1. e4 c6 2. Nf3 d5 3. Nc3 Bg4 4. h3 Bh5 5. exd5 cxd5 6. g4 Bg6 7. Ne5 Nc6 8. d4 e6 9. Bb5 Qc7 10. Bxc6+ bxc6 11. Bf4 Bd6 12. Qd2 Ne7 13. Ne2 Rb8 14. c3 c5 15. dxc5 Qxc5 16. Nd4 Qc7 17. Nxg6 hxg6 18.
Bxd6 Qxd6 19. O-O-O Nc6 20. Nxc6 Qxc6 21. Qd4 Qb6 22.
Qxb6 Rxb6 23. Rd2 g5 24. f3 Ke7 25. Rdh2 Rc8 26. Kb1 Rxc3 27. Rf1 Re3 28. h4 gxh4 29.
Rxh4 Re2 30. b3 Rc6 31. f4 Rcc2 32. f5 Rb2+ 33. Kc1 Rxa2 34. Kb1 Reb2+ 35. Kc1 Rxb3 36.
Rf4 e5 37. f6+ gxf6 38. Rf5 Rg3 39. Kb1 Re2 40. Rf1 Rgg2 41. Rh6 Rb2+ 42. Kc1 Ra2 43. Kb1 Rab2+ 44. Kc1 Rbf2 45. Re1 Rxg4 0-1

[Event "Early-Titled-Tuesday-Blitz-February-06-2024"]
[Site "Chess.com"]
[Date "2024.02.06"]
[Round "7"]
[White "the_chess_child"]
[Black "Chernobay_Artem"]
[Result "1-0"]
[WhiteElo "2880"]
[BlackElo "2650"]
[TimeControl "180+1"]
[EndTime "9:15:16 PST"]
[Termination "the_chess_child won by resignation"]

1. e4 e6 2. d3 d5 3. Nd2 Nf6 4. Ngf3 c5 5. g3 Nc6 6. Bg2 Be7 7. O-O O-O 8. Re1 b5 9. e5 Nd7 10. Nf1 b4 11. h4 a5 12. Bf4 a4 13. a3 bxa3 14. bxa3 Nd4 15. Nxd4 cxd4 16. Nh2 Ba6 17. Qg4 Re8 18. Nf3 Qb6 19. h5 Rac8 20. Bh6 g6 21.
hxg6 fxg6 22. Rab1 1-0

[Event "Early-Titled-Tuesday-Blitz-February-06-2024"]
[Site "Chess.com"]
[Date "2024.02.06"]
[Round "7"]
[White "PolandHussars"]
[Black "smotherhubbard"]
[Result "0-1"]
[WhiteElo "2548"]
[BlackElo "2364"]
[TimeControl "180+1"]
[EndTime "9:15:17 PST"]
[Termination "smotherhubbard won by checkmate"]

1. e4 e6 2. d4 d5 3. Nc3 Nf6 4. e5 Nfd7 5. Nce2 c5 6. c3 Nc6 7. Nf3 cxd4 8. cxd4 f6 9. Nf4 fxe5 10. Nxe6 Qb6 11.
Nxf8 Rxf8 12. dxe5 Ndxe5 13. Be2 Bg4 14. Be3 Qxb2 15.
O-O O-O-O 16. Rb1 Nxf3+ 17. gxf3 Qe5 18. fxg4 d4 19. Bd2 d3 20. f3 dxe2 21. Qb3 exf1=Q+ 22. Kxf1 Rxd2 23. Qxb7+ Kd8 24. Qxc6 Qe2+ 25. Kg1 Qg2# 0-1

[Event "Early-Titled-Tuesday-Blitz-February-06-2024"]
[Site "Chess.com"]
[Date "2024.02.06"]
[Round "7"]
[White "Maxfan2008"]
[Black "ValentinDragnev"]
[Result "0-1"]
[WhiteElo "2555"]
[BlackElo "2765"]
[TimeControl "180+1"]
[EndTime "9:15:25 PST"]
[Termination "ValentinDragnev won by checkmate"]

1. d4 d5 2. c4 e6 3. Nc3 c5 4.
cxd5 cxd4 5. Qa4+ Bd7 6. Qxd4 exd5 7. Qxd5 Nf6 8. Qd1 Bc5 9. Nf3 O-O 10. e3 Qe7 11.
Be2 Rd8 12. O-O Nc6 13. Bd2 Rac8 14. Rc1 Ne5 15. Qc2 Bc6 16. Nxe5 Qxe5 17. Rfd1 h5 18. Bf1 Ng4 19. g3 h4 20. Bg2 hxg3 21. hxg3 Qh5 22.
Ne4 Bf8 23. Bc3 Qh2+ 24. Kf1 Bb5+ 25. Ke1 Qg1+ 26. Bf1 Qxf1# 0-1

[Event "Early-Titled-Tuesday-Blitz-February-06-2024"]
[Site "Chess.com"]
[Date "2024.02.06"]
[Round "7"]
[White "Ranindu2003"]
[Black "Herman-NY"]
[Result "0-1"]
[WhiteElo "2709"]
[BlackElo "2539"]
[TimeControl "180+1"]
[EndTime "9:15:26 PST"]
[Termination "Herman-NY won by resignation"]

1. Nf3 Nf6 2. b3 g6 3. Bb2 Bg7 4. g3 O-O 5. Bg2 d6 6. d4 Bf5 7.
Nh4 Be4 8. f3 Bc6 9. e4 e6 10. Qd2 h6 11. Bh3 g5 12. Ng2 g4 13.
Bxg4 Nxg4 14. fxg4 Bxe4 15. Nc3 Bf3 16. h3 Qg5 17. Qf2 Bxg2 18. Qxg2 Bxd4 19. Qe4 Nc6 20. h4 Qf6 21. Rf1 Bxc3+ 22. Ke2 0-1

[Event "Early-Titled-Tuesday-Blitz-February-06-2024"]
[Site "Chess.com"]
[Date "2024.02.06"]
[Round "7"]
[White "Aradhya2000"]
[Black "Predo63"]
[Result "1-0"]
[WhiteElo "2694"]
[BlackElo "2520"]
[TimeControl "180+1"]
[EndTime "9:15:32 PST"]
[Termination "Aradhya2000 won by resignation"]

1. d4 d5 2. c4 c6 3. Nf3 Nf6 4. e3 Bf5 5. Nc3 e6 6. Nh4 Bg6 7. h3 Nbd7 8. Nxg6 hxg6 9. Bd3 Be7 10. O-O a6 11. c5 e5 12. f4 e4 13. Be2 Nh5 14.
b4 Ng3 15. Re1 Nxe2+ 16. Rxe2 f5 17. a4 g5 18. Rf2 O-O 19. Rb1 gxf4 20. Rxf4 Bg5 21.
Rf1 f4 22. exf4 Bxf4 23. Bxf4 Qf6 24. Bd6 Qxf1+ 25. Qxf1 Rxf1+ 26. Rxf1 Re8 27. Kf2 Nf6 28. Ke3 Nd7 29. g4 Nf6 30. g5 Nh5 31. Ne2 g6 32.
Nf4 Ng3 33. Rd1 Nf5+ 34. Ke2 Kf7 35. Be5 Ra8 36. Kd2 Re8 37. Rf1 Ra8 38. Rh1 Nh4 39. Ke2 Nf5 40. Kf2 Nh4 41. Ng2 Nf5 42. h4 a5 43. b5 cxb5 44. axb5 a4 45. b6 a3 46. c6 a2 47. cxb7 a1=Q 48. Rxa1 Rxa1 49. b8=Q Ra2+ 50. Kg1 1-0

[Event "Early-Titled-Tuesday-Blitz-February-06-2024"]
[Site "Chess.com"]
[Date "2024.02.06"]
[Round "7"]
[White "Matols"]
[Black "bylavochka"]
[Result "0-1"]
[WhiteElo "2391"]
[BlackElo "2305"]
[TimeControl "180+1"]
[EndTime "9:15:39 PST"]
[Termination "bylavochka won by resignation"]

1. d4 Nf6 2. c4 g6 3. g3 Bg7 4.
Bg2 O-O 5. Nc3 c6 6. Nf3 d5 7. b3 Nbd7 8. O-O Nb6 9. Nd2 dxc4 10.
Nxc4 Nbd5 11. Bb2 Nxc3 12. Bxc3 Bf5 13. f3 Nd5 14. e4 Nxc3 15. Qc2 Bxd4+ 16. Kh1 Be6 17.
f4 Bxc4 18. bxc4 e5 19. f5 Qg5 20. f6 Rfd8 21. Rf3 Nxe4 22. Re1 Nxf6 23. Ref1 Rd6 24. h4 Qg4 25. Rxf6 Rxf6 26. Rxf6 Qxg3 27. Qe4 Rd8 28.
h5 Qg5 29. Rf3 f5 30. Qc2 Qh4+ 31. Rh3 Qe1+ 32. Kh2 Bg1+ 33. Kh1 Bf2+ 0-1

[Event "Early-Titled-Tuesday-Blitz-February-06-2024"]
[Site "Chess.com"]
[Date "2024.02.06"]
[Round "7"]
[White "ri4mi"]
[Black "AlexTruskavetsky"]
[Result "0-1"]
[WhiteElo "2554"]
[BlackElo "2725"]
[TimeControl "180+1"]
[EndTime "9:15:45 PST"]
[Termination "AlexTruskavetsky won by resignation"]

1. e4 c5 2. Nc3 e6 3. d4 cxd4 4. Qxd4 Nc6 5. Qd3 Nf6 6. b3 Bb4 7. Bb2 d5 8. exd5 exd5 9. O-O-O Be6 10. f3 O-O 11. g4 d4 12. Nce2 Qb6 13. Nxd4 Rad8 14.
Nge2 Bc5 15. Kb1 Rd7 16. Bg2 Rfd8 17. c3 Bxd4 18. Nxd4 Nxd4 19. cxd4 Nd5 20. Qd2 Nb4 21. Rhe1 a5 22. Re3 a4 23. a3 Nd5 24. b4 Nxe3 25. Qxe3 Qc6 26. Rc1 Qd5 27. Rc5 Qa2+ 28. Kc2 b6 29.
Rc3 Rxd4 30. Rc7 Rd2+ 0-1

[Event "Early-Titled-Tuesday-Blitz-February-06-2024"]
[Site "Chess.com"]
[Date "2024.02.06"]
[Round "7"]
[White "Gennady_Kozlov"]
[Black "Adekrisna123"]
[Result "1-0"]
[WhiteElo "2714"]
[BlackElo "2543"]
[TimeControl "180+1"]
[EndTime "9:15:50 PST"]
[Termination "Gennady_Kozlov won by resignation"]

1. b3 e5 2. Bb2 Nc6 3. e3 g6 4. f4 Bg7 5. Nf3 d6 6. Bb5 Bd7 7. O-O Qe7 8. Nc3 Nf6 9. d4 e4 10. Nd2 d5 11. Na4 a6 12. Bxc6 Bxc6 13. c4 Bxa4 14. bxa4 dxc4 15. Nxc4 Nd5 16. Ba3 Qe6 17.
Qb3 b6 18. Rac1 f5 19. Rc2 Kf7 20. Rfc1 Rac8 21. Ne5+ Bxe5 22. fxe5 c6 23. Bd6 f4 24. exf4 Nxf4 25. Rf1 g5 26. g3 Qxb3 27. axb3 Rhg8 28.
Kh1 Ke6 29. gxf4 gxf4 30. Rxf4 Kd5 31. Re2 Rg6 32. Rfxe4 Rcg8 33. Re1 Rg2 34. e6 Kxd6 35. e7 1-0

[Event "Early-Titled-Tuesday-Blitz-February-06-2024"]
[Site "Chess.com"]
[Date "2024.02.06"]
[Round "7"]
[White "frequentblunders"]
[Black "emeli_chess"]
[Result "0-1"]
[WhiteElo "2172"]
[BlackElo "2413"]
[TimeControl "180+1"]
[EndTime "9:15:50 PST"]
[Termination "emeli_chess won by resignation"]

1. d3 d5 2. f4 e5 3. fxe5 Nc6 4. Nf3 Bg4 5. Bf4 f6 6. exf6 Nxf6 7.
Nbd2 Bd6 8. Bxd6 Qxd6 9. e4 O-O-O 10. Be2 dxe4 11. Nxe4 Nxe4 12. dxe4 Qb4+ 13. Nd2 Bxe2 14. Qxe2 Qxb2 15. O-O Qd4+ 16. Rf2 Rhf8 17. Nf3 Qxa1+ 0-1